MLB
KANSAS CITY ROYALS @ CALIFORNIA ANGELS
09/07/2049
 
TOP OF THE 1ST
Kansas City Royals batting - Pitching for California Angels : RHP Jonathan Jackson
Pitching: RHP Jonathan Jackson
Batting: SHB Jose Pacheco 0-0: Called Strike
0-1: Foul Ball, location: 2F
0-2: Ball
1-2: Ball
2-2: Ball
3-2: Strikes out looking
Batting: LHB Pete Hansel 0-0: Ball
1-0: Foul Ball, location: 2F
1-1: Fly out, F7 (Line Drive, 78M, EV 85.6 MPH)
Batting: LHB Mike Meyerhoff 0-0: Ball
1-0: Ball
2-0: Ball
3-0: Called Strike
3-1: Base on Balls
Batting: RHB Mike Jaquez 0-0: Called Strike
0-1: Ball
1-1: Ball
2-1: Foul Ball, location: 2F
2-2: SINGLE (Line Drive, 7LS, EV 93.1 MPH)
Mike Meyerhoff to second
Runner from 2nd tries for 3rd, SAFE, throw by LF made to third
Batting: SHB Gil Switzer 0-0: Foul Ball, location: 2F
0-1: Fly out, F8 (Flyball, 89M, EV 85.0 MPH)
Top of the 1st over - 0 runs, 1 hit, 0 errors, 2 left on base; Kansas City 0 - California 0
BOTTOM OF THE 1ST
California Angels batting - Pitching for Kansas City Royals : RHP Bryan Boykin
Pitching: RHP Bryan Boykin
Batting: LHB Rusty Ney 0-0: Called Strike
0-1: Ball
1-1: Ball
2-1: Ball
3-1: Ground out U3 (Groundball, 3L, EV 107.5 MPH)
Batting: RHB Nick Dunn 0-0: Foul Ball, location: 2F
0-1: Foul Ball, location: 2F
0-2: Ball
1-2: Ground out 1-3 (Groundball, 13, EV 71.9 MPH)
Batting: RHB Preston Deakyne 0-0: Called Strike
0-1: Ball
1-1: Called Strike
1-2: Strikes out swinging
Bottom of the 1st over - 0 runs, 0 hits, 0 errors, 0 left on base; Kansas City 0 - California 0
TOP OF THE 2ND
Kansas City Royals batting - Pitching for California Angels : RHP Jonathan Jackson
Batting: RHB Adam Martin 0-0: Ball
1-0: Called Strike
1-1: Called Strike
1-2: Ball
2-2: Strikes out looking
Batting: LHB Manny Estrada 0-0: Ground out 4-3 (Groundball, 4, EV 86.2 MPH)
Batting: RHB Mikolas Markus 0-0: Swinging Strike
0-1: Swinging Strike
0-2: Foul Ball, location: 2F
0-2: Strikes out swinging
Top of the 2nd over - 0 runs, 0 hits, 0 errors, 0 left on base; Kansas City 0 - California 0
BOTTOM OF THE 2ND
California Angels batting - Pitching for Kansas City Royals : RHP Bryan Boykin
Batting: LHB Mark Reeg 0-0: Called Strike
0-1: Ground out 5-3 (Groundball, 56S, EV 71.9 MPH)
Batting: RHB Alain Delhaye 0-0: Ball
1-0: Called Strike
1-1: Called Strike
1-2: Ball
2-2: Foul Ball, location: 2F
2-2: Ball
3-2: Foul Ball, location: 2F
3-2: Strikes out swinging
Batting: LHB Jonathon Walton 0-0: Called Strike
0-1: Fly out, F7 (Flyball, 7D, EV 105.6 MPH)
Bottom of the 2nd over - 0 runs, 0 hits, 0 errors, 0 left on base; Kansas City 0 - California 0
TOP OF THE 3RD
Kansas City Royals batting - Pitching for California Angels : RHP Jonathan Jackson
Batting: RHB Walt Cogswell 0-0: Called Strike
0-1: Foul Ball, location: 2F
0-2: Ball
1-2: Ball
2-2: Ground out U3 (Groundball, 13, EV 91.2 MPH)
Batting: SHB Jose Pacheco 0-0: Foul Ball, location: 2F
0-1: Ball
1-1: Ground out U3 (Groundball, 3, EV 103.8 MPH)
Batting: LHB Pete Hansel 0-0: Called Strike
0-1: Called Strike
0-2: Ball
1-2: Foul Ball, location: 2F
1-2: Strikes out swinging
Top of the 3rd over - 0 runs, 0 hits, 0 errors, 0 left on base; Kansas City 0 - California 0
BOTTOM OF THE 3RD
California Angels batting - Pitching for Kansas City Royals : RHP Bryan Boykin
Batting: RHB Bjoern Waltersson 0-0: Ball
1-0: Ball
2-0: Swinging Strike
2-1: Ball
3-1: Called Strike
3-2: Fly out, F7 (Flyball, 78S, EV 87.5 MPH)
Batting: LHB Javier Trujillo 0-0: Called Strike
0-1: Ball
1-1: Ground out U3 (Groundball, 34, EV 91.2 MPH)
Batting: RHB Avery Maxwell 0-0: Ground out 5-3 (Groundball, 56, EV 99.4 MPH)
Bottom of the 3rd over - 0 runs, 0 hits, 0 errors, 0 left on base; Kansas City 0 - California 0
TOP OF THE 4TH
Kansas City Royals batting - Pitching for California Angels : RHP Jonathan Jackson
Batting: LHB Mike Meyerhoff 0-0: Ball
1-0: Called Strike
1-1: Swinging Strike
1-2: Strikes out swinging
Batting: RHB Mike Jaquez 0-0: Ball
1-0: SOLO HOME RUN (Flyball, 89XD, EV 93.8 MPH), Distance : 385 ft
Batting: SHB Gil Switzer 0-0: Ball
1-0: SINGLE (Line Drive, 8RS, EV 105.0 MPH)
Batting: RHB Adam Martin 0-0: Called Strike
0-1: Ball
1-1: Ball
2-1: Foul Ball, location: 2F
2-2: Ball
3-2: Foul Ball, location: 2F
3-2: Foul Ball, location: 2F
3-2: Foul Ball, location: 2F
3-2: Ground out 5-3 (Groundball, 56S, EV 67.5 MPH)
Gil Switzer to second
Batting: LHB Manny Estrada 0-0: Ball
1-0: Ball
2-0: Ball
3-0: Called Strike
3-1: Ground out 4-3 (Groundball, 4, EV 106.2 MPH)
Top of the 4th over - 1 run, 2 hits, 0 errors, 1 left on base; Kansas City 1 - California 0
BOTTOM OF THE 4TH
California Angels batting - Pitching for Kansas City Royals : RHP Bryan Boykin
Batting: LHB Rusty Ney 0-0: Swinging Strike
0-1: Ball
1-1: Ball
2-1: Foul Ball, location: 2F
2-2: Foul Ball, location: 2F
2-2: Ball
3-2: Foul Ball, location: 2F
3-2: Foul Ball, location: 2F
3-2: Base on Balls
Batting: RHB Nick Dunn 0-0: Fielders Choice at 2nd, 5-4 (Groundball, 56S, EV 83.1 MPH)
Batting: RHB Preston Deakyne 0-0: Foul Ball, location: 2F
0-1: Ball
1-1: Ball
2-1: Foul Ball, location: 2F
2-2: Fly out, F8 (Flyball, 8LD, EV 99.4 MPH)
Batting: LHB Mark Reeg 0-0: Ball
1-0: Ground out 4-3 (Groundball, 4, EV 82.5 MPH)
Bottom of the 4th over - 0 runs, 0 hits, 0 errors, 1 left on base; Kansas City 1 - California 0
TOP OF THE 5TH
Kansas City Royals batting - Pitching for California Angels : RHP Jonathan Jackson
Batting: RHB Mikolas Markus 0-0: Ball
1-0: Called Strike
1-1: Called Strike
1-2: Strikes out looking
Batting: RHB Walt Cogswell 0-0: SINGLE (Groundball, 4M, EV 105.0 MPH) (infield hit)
Batting: SHB Jose Pacheco 0-0: Ball
1-0: Swinging Strike
1-1: Called Strike
1-2: Ball
2-2: SINGLE (Flyball, 8LS, EV 94.4 MPH)
Walt Cogswell to second
Runner from 2nd tries for 3rd, SAFE, no throw by CF
Batting: LHB Pete Hansel 0-0: Fly out, F9 (Flyball, 89M, EV 73.1 MPH)
Runner from 3rd tags up, SCORES, no throw by RF
Batting: LHB Mike Meyerhoff 0-0: Ball
Wild Pitch!
Jose Pacheco to second
1-0: Called Strike
1-1: Called Strike
1-2: Ball
2-2: SINGLE (Line Drive, 7LS, EV 93.1 MPH)
Jose Pacheco to third
Runner from 3rd tries for Home, SAFE, throw by LF to home
Batting: RHB Mike Jaquez 0-0: Called Strike
0-1: Called Strike
0-2: Ball
1-2: Foul Ball, location: 2F
Pickoff Throw to First - Error! E1
Mike Meyerhoff to second
1-2: Strikes out looking
Top of the 5th over - 2 runs, 3 hits, 1 error, 1 left on base; Kansas City 3 - California 0
BOTTOM OF THE 5TH
California Angels batting - Pitching for Kansas City Royals : RHP Bryan Boykin
Batting: RHB Alain Delhaye 0-0: Ball
1-0: Ball
2-0: Foul Ball, location: 2F
2-1: Foul Ball, location: 2F
2-2: Foul Ball, location: 2F
2-2: Fly out, F7 (Flyball, 7D, EV 105.0 MPH)
Batting: LHB Jonathon Walton 0-0: SINGLE (Groundball, 3D, EV 98.8 MPH)
Batting: RHB Bjoern Waltersson 0-0: Ground out 5-3 (Groundball, 56S, EV 68.1 MPH)
Jonathon Walton to second
Batting: LHB Javier Trujillo 0-0: Ground out U3 (Groundball, 3, EV 83.1 MPH)
Bottom of the 5th over - 0 runs, 1 hit, 0 errors, 1 left on base; Kansas City 3 - California 0
TOP OF THE 6TH
Kansas City Royals batting - Pitching for California Angels : RHP Jonathan Jackson
Batting: SHB Gil Switzer 0-0: Ball
1-0: Ball
2-0: Called Strike
2-1: Ball
3-1: Base on Balls
Batting: RHB Adam Martin 0-0: Ball
1-0: Ball
2-0: Ball
3-0: SINGLE (Groundball, 4MD, EV 104.4 MPH)
Gil Switzer to second
Batting: LHB Manny Estrada 0-0: Ball
1-0: Swinging Strike
1-1: Foul Ball, location: 2F
1-2: Foul Ball, location: 2F
1-2: Ball
2-2: Foul Ball, location: 2F
2-2: Foul Ball, location: 2F
2-2: Strikes out swinging
Pitching: RHP Chris Russell
Batting: RHB Mikolas Markus 0-0: Called Strike
0-1: Swinging Strike
0-2: Ball
1-2: Foul Ball, location: 2F
1-2: Ball
2-2: Grounds into double play, 6-4-3 (Groundball, 6, EV 84.4 MPH)
Top of the 6th over - 0 runs, 1 hit, 0 errors, 1 left on base; Kansas City 3 - California 0
BOTTOM OF THE 6TH
California Angels batting - Pitching for Kansas City Royals : RHP Bryan Boykin
Batting: RHB Avery Maxwell 0-0: Foul Ball, location: 2F
0-1: Foul Ball, location: 2F
0-2: Strikes out swinging
Batting: LHB Rusty Ney 0-0: Foul Ball, location: 2F
0-1: Foul Ball, location: 2F
0-2: Foul Ball, location: 2F
0-2: Ball
1-2: Foul Ball, location: 2F
1-2: Ground out 1-3 (Groundball, 15S, EV 67.5 MPH)
Batting: RHB Nick Dunn 0-0: Ground out 5-3 (Groundball, 56S, EV 64.4 MPH)
Bottom of the 6th over - 0 runs, 0 hits, 0 errors, 0 left on base; Kansas City 3 - California 0
TOP OF THE 7TH
Kansas City Royals batting - Pitching for California Angels : RHP Chris Russell
Pitching: RHP Bryan Banana
Batting: RHB Walt Cogswell 0-0: Called Strike
0-1: Called Strike
0-2: Foul Ball, location: 2F
0-2: Strikes out looking
Batting: SHB Jose Pacheco 0-0: Foul Ball, location: 2F
0-1: Ball
1-1: Ball
2-1: Foul Ball, location: 2F
2-2: Foul Ball, location: 2F
2-2: Ball
3-2: Hit by Pitch
Batting: LHB Pete Hansel 0-0: Ball
1-0: Swinging Strike
1-1: Fly out, F8 (Flyball, 8RS, EV 89.4 MPH)
Batting: LHB Mike Meyerhoff 0-0: Ball
Jose Pacheco steals 2nd base
1-0: Called Strike
1-1: Called Strike
1-2: Ball
2-2: Ground out U3 (Groundball, 3L, EV 105.0 MPH)
Top of the 7th over - 0 runs, 0 hits, 0 errors, 1 left on base; Kansas City 3 - California 0
BOTTOM OF THE 7TH
California Angels batting - Pitching for Kansas City Royals : RHP Bryan Boykin
Batting: RHB Preston Deakyne 0-0: Called Strike
0-1: Foul Ball, location: 2F
0-2: Ball
1-2: Ball
2-2: Foul Ball, location: 2F
2-2: Ball
3-2: SINGLE (Flyball, 3D, EV 81.9 MPH)
Batting: LHB Mark Reeg 0-0: Ball
1-0: Called Strike
1-1: SINGLE (Groundball, 34S, EV 61.9 MPH) (infield hit)
Preston Deakyne to second
Batting: RHB Alain Delhaye 0-0: Ball
1-0: Ball
2-0: Ball
3-0: Base on Balls
Preston Deakyne to third
Mark Reeg to second
Batting: LHB Jonathon Walton 0-0: Ball
1-0: Fly out, F8 (Flyball, 8RD, EV 85.6 MPH)
Pinch Hitting: LHB Micah Miller 0-0: Ball
1-0: Called Strike
1-1: Called Strike
1-2: Ball
2-2: Strikes out swinging
Batting: LHB Javier Trujillo 0-0: Called Strike
0-1: Ball
1-1: Ball
2-1: Ball
3-1: Fielders Choice at 2nd, 6-4 (Groundball, 56, EV 85.6 MPH)
Bottom of the 7th over - 0 runs, 2 hits, 0 errors, 3 left on base; Kansas City 3 - California 0
TOP OF THE 8TH
Kansas City Royals batting - Pitching for California Angels : RHP Bryan Banana
Pitching: LHP Steve Cooper
Now in CF: Rusty Ney
Now in RF: Micah Miller
Batting: RHB Mike Jaquez 0-0: Ball
1-0: Ball
2-0: Ball
3-0: Called Strike
3-1: Called Strike
3-2: Foul Ball, location: 2F
3-2: Strikes out swinging
Batting: SHB Gil Switzer 0-0: Foul Ball, location: 2F
0-1: SINGLE (Groundball, 56D, EV 95.6 MPH) (infield hit)
Batting: RHB Adam Martin 0-0: Ball
1-0: Foul Ball, location: 2F
1-1: Foul Ball, location: 2F
1-2: Strikes out swinging
Batting: LHB Manny Estrada 0-0: Ball
1-0: Ball
2-0: Foul Ball, location: 2F
2-1: Ball
3-1: Called Strike
3-2: Fly out, F9 (Flyball, 9LSF, EV 90.6 MPH)
Top of the 8th over - 0 runs, 1 hit, 0 errors, 1 left on base; Kansas City 3 - California 0
BOTTOM OF THE 8TH
California Angels batting - Pitching for Kansas City Royals : RHP Bryan Boykin
Now at 2B: Matt Belgard
Batting: RHB Avery Maxwell 0-0: Called Strike
0-1: Ball
1-1: Ground out 6-3 (Groundball, 56, EV 88.8 MPH)
Batting: LHB Rusty Ney 0-0: Ball
1-0: Ball
2-0: Swinging Strike
2-1: Ball
3-1: Base on Balls
Pitching: RHP Joe Jordahl
Batting: RHB Nick Dunn 0-0: Swinging Strike
0-1: Ball
1-1: Ball
2-1: Foul Ball, location: 2F
2-2: Strikes out swinging
Batting: RHB Preston Deakyne 0-0: Ball
1-0: Swinging Strike
1-1: Ball
2-1: 2-RUN HOME RUN (Flyball, 78XD, EV 104.4 MPH), Distance : 412 ft
Batting: LHB Mark Reeg 0-0: Swinging Strike
0-1: Swinging Strike
0-2: Strikes out swinging
Bottom of the 8th over - 2 runs, 1 hit, 0 errors, 0 left on base; Kansas City 3 - California 2
TOP OF THE 9TH
Kansas City Royals batting - Pitching for California Angels : LHP Steve Cooper
Batting: RHB Mikolas Markus 0-0: Foul Ball, location: 2F
0-1: Ball
1-1: Called Strike
1-2: Strikes out swinging
Batting: RHB Walt Cogswell 0-0: Swinging Strike
0-1: Called Strike
0-2: Ball
1-2: Strikes out looking
Batting: SHB Jose Pacheco 0-0: Swinging Strike
0-1: Called Strike
0-2: Strikes out swinging
Top of the 9th over - 0 runs, 0 hits, 0 errors, 0 left on base; Kansas City 3 - California 2
BOTTOM OF THE 9TH
California Angels batting - Pitching for Kansas City Royals : RHP Joe Jordahl
Pitching: RHP Josh Moncada
Batting: RHB Alain Delhaye 0-0: Ball
1-0: Swinging Strike
1-1: Called Strike
1-2: Strikes out swinging
Batting: LHB Jonathon Walton 0-0: Ball
1-0: Foul Ball, location: 2F
1-1: SINGLE (Groundball, 56D, EV 96.9 MPH)
Batting: LHB Micah Miller 0-0: Fly out, F8 (Line Drive, 8LD, EV 90.6 MPH)
Batting: LHB Javier Trujillo 0-0: Swinging Strike
0-1: Foul Ball, location: 2F
0-2: Ball
1-2: Strikes out looking
Bottom of the 9th over - 0 runs, 1 hit, 0 errors, 1 left on base; Kansas City 3 - California 2
Sunday, July 16th , 2023 - OOTP Baseball 24.6 Build 69